Map: Dusk Towers

Players

capac - Winner!

  • Race: Terran Terran
  • League: Gold

A.I. 1 (Elite)

  • Race: Zerg Zerg

VOD

Have the link to the VOD?

Description

Time

  • Played on: April 12, 2016, 1:21 p.m.
  • Length: 21:17
Show
View Real Time Build Order
Export as new Build Order

capac Terran - Winner!

Build Orders: Reaper Expand, MMM Bio 

Get SALT Encoding   

  12  0:00  SCV  
  13  0:13  SCV  
  14  0:18  Supply Depot  
  14  0:26  SCV  
  15  0:39  SCV  
  15  0:41  Barracks  
  16  0:51  SCV  
  16  0:52  Refinery  
  17  1:03  SCV  
  18  1:15  SCV  
  19  1:32  Orbital Command  
  19  1:36  Reaper  
  20  1:40  Command Center  
  20  1:50  Supply Depot  
  20  2:02  SCV  
  21  2:10  Barracks  
  21  2:14  SCV  
  22  2:19  Factory  
  22  2:20  Marine  
  23  2:26  SCV  
  23  2:29  Refinery  
  24  2:44  SCV  
  25  2:57  SCV  
  26  3:01  Barracks Tech Lab  
  26  3:04  Barracks Reactor  
  26  3:09  Barracks  
  26  3:11  Starport  
  26  3:14  SCV  
  26  3:16  Orbital Command  
  27  3:28  Stimpack  
  27  3:30  SCV  
  28  3:36  Marine  
  29  3:43  Marine x2  
  29  3:46  Factory Reactor  
  31  3:51  Starport Tech Lab  
  31  3:53  SCV  
  31  3:54  SCV  
  33  4:00  Barracks Reactor  
  33  4:04  Command Center  
  33  4:07  Marine x3  
  33  4:08  SCV  
  37  4:27  Marine  
  37  4:28  Marine x2  
  37  4:29  SCV x2  
  42  4:33  Medivac  
  42  4:34  Medivac  
  46  4:39  Refinery  
  46  4:43  Supply Depot  
  46  4:44  Supply Depot  
  46  4:50  Marine x4, SCV x2  
  46  4:51  Marine  
  53  5:05  Siege Tank  
  56  5:16  Marine x4  
  56  5:17  Marine  
  56  5:18  SCV x2  
  63  5:23  Orbital Command  
  63  5:30  SCV  
  63  5:31  SCV  
  63  5:32  Combat Shields  
  65  5:37  Medivac  
  65  5:38  Medivac  
  69  5:44  SCV  
  69  5:45  Refinery, SCV  
  69  6:11  Marine x2  
  69  6:12  Marine x3  
  69  6:14  Siege Tank  
  69  6:15  SCV x2  
  79  6:26  Medivac x2  
  79  6:29  Marine x2, Orbital Command  
  85  6:35  Supply Depot  
  85  6:37  Supply Depot  
  85  6:43  Barracks  
  85  6:44  Barracks  
  85  6:56  Marine x5  
  85  6:57  SCV x2  
  92  7:14  Marine x5  
  88  7:21  Siege Tank  
  91  7:27  Supply Depot  
  91  7:28  Supply Depot  
  90  7:32  Marine x5  
  92  7:42  SCV  
  92  7:43  SCV x2  
  95  7:49  Supply Depot, Barracks Reactor  
  95  7:50  Barracks Tech Lab, Marine, Supply Depot  
  96  7:54  Siege Tank, SCV  
  96  7:57  Engineering Bay  
  100  8:00  Engineering Bay  
  100  8:03  Marine x4  
  105  8:05  SCV x2  
  105  8:07  SCV  
  105  8:08  Marine  
  108  8:17  Refinery  
  108  8:20  Refinery  
  108  8:21  Marine x2  
  108  8:24  Marine x2  
  108  8:26  Siege Tank  
  116  8:29  Marauder x2  
  116  8:30  Concussive Shells  
  116  8:31  Marine x2  
  121  8:36  SCV  
  121  8:37  SCV x2  
  121  8:39  Terran Infantry Weapons Level 1, Marine x2  
  121  8:40  Terran Infantry Armor Level 1  
  126  8:41  Armory  
  126  8:42  Marine x2  
  127  8:49  Marine, SCV x3  
  127  8:52  Marine  
  132  8:56  Marine  
  132  8:59  Supply Depot, Liberator  
  132  9:00  Supply Depot  
  133  9:03  Marauder x2, Marine x2  
  139  9:12  Marine x3  
  139  9:14  Marine  
  139  9:15  Siege Tank  
  149  9:21  Marine  
  149  9:23  SCV  
  149  9:24  SCV x2  
  153  9:25  Marauder x2  
  153  9:30  Supply Depot  
  157  9:35  Supply Depot, SCV  
  157  9:36  SCV  
  159  9:40  Marine x5  
  159  9:41  Marine  
  165  9:48  Starport  
  165  9:53  SCV x3  
  168  10:01  Marine x5  
  168  10:02  Marauder x2  
  177  10:28  Starport Reactor  
  177  10:32  Starport  
  177  10:38  Terran Infantry Weapons Level 2, Terran Infantry Armor Level 2  
  177  10:39  Fusion Core  
  177  10:40  Terran Ship Weapons Level 1  
  177  10:41  Liberator  
  177  10:55  Liberator x3  
  180  11:11  Supply Depot  
  180  11:14  Supply Depot, Starport Reactor  
  180  11:16  Command Center  
  132  11:35  Marine x2  
  132  11:36  Marine x3  
  132  11:37  Marauder x2, Marine  
  142  11:53  Marine x2  
  142  11:54  Marine  
  146  11:55  Marine  
  146  11:58  Marauder x2  
  152  12:11  Starport, Marine x3  
  152  12:15  Marine x2  
  125  12:32  Marine  
  125  12:33  Marine x2  
  125  12:34  Marine x3  
  125  12:35  Marauder x2  
  129  12:48  Starport Tech Lab  
  129  12:49  Siege Tank  
  129  12:50  Marine  
  133  12:51  Marine x3  
  133  12:52  Marine x2  
  133  12:56  Marauder x2  
  133  12:57  Liberator x4  
  142  13:01  Planetary Fortress  
  142  13:04  Terran Infantry Armor Level 3, Terran Infantry Weapons Level 3  
  142  13:07  Terran Ship Weapons Level 2, Liberator  
  142  13:08  Marine  
  142  13:09  Marine x2  
  142  13:10  Missile Turret  
  142  13:11  Advanced Ballistics  
  145  13:13  Missile Turret  
  145  13:14  Missile Turret  
  145  13:17  Marauder  
  145  13:18  Marauder  
  161  13:22  Siege Tank  
  167  13:30  Liberator x2  
  167  13:39  Marauder x2  
  177  13:52  Refinery  
  177  13:55  Refinery  
  177  13:58  Liberator  
  177  14:06  Medivac x2  
  177  14:07  Medivac x2  
  188  14:23  Command Center  
  188  14:32  Liberator x2  
  163  15:32  Marine x6  
  163  15:33  Marine x2  
  165  15:49  Marine  
  165  15:50  Marine x5  
  165  15:51  Marauder x2  
  175  16:16  Marine x6  
  175  16:17  Marine x2  
  181  16:33  Marine  
  181  16:36  Marine x3  
  181  16:37  Marine x3  
  181  16:38  Marauder  
  190  16:51  Marine  
  172  16:54  Marine x4  
  172  16:55  Marauder, Marine  
  172  16:59  Marauder  
  180  17:09  Marine  
  180  17:12  Marine x5  
  186  17:17  Marauder  
  186  17:20  Marauder  
  190  17:27  Marine  
  184  17:38  Marauder  
  184  17:42  Marauder  
  188  17:45  Marine x4  
  188  17:46  Marine x2  
  169  19:55  Marine  
  169  19:56  Marine x6  
  169  19:57  Marine  
  177  20:13  Marine x2  
  177  20:14  Marine  
  180  20:15  Marauder x2  
  180  20:16  Marine x3  
  187  20:31  Marine x2  
Show
View Real Time Build Order
Export as new Build Order

A.I. 1 (Elite) Zerg 

Build Orders: Pool First 

Get SALT Encoding   

  12  0:00  Drone  
  13  0:12  Overlord  
  13  0:17  Drone  
  14  0:30  Drone x2  
  16  0:42  Spawning Pool  
  16  0:45  Drone  
  16  0:48  Drone  
  17  1:11  Hatchery  
  17  1:12  Drone  
  17  1:16  Extractor  
  17  1:17  Drone  
  17  1:20  Drone  
  18  1:27  Drone  
  19  1:38  Overlord  
  19  1:46  Queen  
  21  1:49  Drone  
  22  1:59  Zergling x2  
  23  2:10  Drone  
  24  2:21  Queen, Drone  
  27  2:23  Roach Warren  
  27  2:25  Extractor  
  27  2:29  Drone  
  26  2:36  Drone  
  27  2:41  Zergling x2  
  27  2:46  Overlord  
  27  2:48  Drone  
  28  2:54  Drone  
  28  2:57  Drone  
  30  3:01  Drone  
  30  3:05  Drone  
  32  3:07  Zergling x2  
  32  3:12  Zergling x2  
  34  3:17  Roach  
  36  3:21  Roach  
  36  3:25  Roach  
  40  3:30  Roach  
  40  3:32  Drone  
  43  3:40  Overlord  
  43  3:46  Lair  
  43  3:51  Metabolic Boost  
  43  3:58  Drone x3  
  43  4:01  Drone  
  47  4:03  Drone  
  47  4:06  Drone  
  47  4:08  Drone  
  50  4:10  Drone  
  50  4:15  Overlord  
  51  4:22  Evolution Chamber, Drone  
  51  4:27  Evolution Chamber, Drone  
  51  4:33  Drone x3  
  51  4:37  Drone  
  55  4:39  Drone  
  55  4:41  Drone  
  55  4:43  Drone  
  58  4:47  Infestation Pit, Zerg Missile Weapons Level 1  
  58  4:48  Drone  
  58  4:55  Zerg Ground Armor Level 1  
  58  4:58  Overlord  
  58  5:01  Overlord  
  58  5:13  Extractor, Roach  
  59  5:16  Extractor, Roach, Drone  
  59  5:17  Drone  
  59  5:18  Drone  
  59  5:19  Hydralisk Den  
  59  5:20  Drone  
  63  5:22  Drone  
  63  5:23  Drone  
  63  5:24  Drone  
  63  5:28  Overlord  
  66  5:35  Drone x3  
  67  5:39  Drone x3  
  72  5:45  Infestor  
  72  5:46  Overlord  
  72  5:47  Roach, Hydralisk  
  78  5:50  Hydralisk  
  78  5:54  Roach  
  78  5:55  Roach  
  64  6:04  Zergling x2  
  64  6:05  Drone  
  64  6:07  Roach, Drone  
  64  6:08  Drone  
  70  6:15  Drone  
  70  6:16  Drone  
  73  6:18  Drone  
  73  6:20  Drone  
  73  6:22  Drone  
  75  6:27  Drone x2  
  77  6:38  Drone x2  
  79  6:44  Overlord, Infestor  
  79  6:45  Drone  
  82  6:49  Drone x2  
  82  6:54  Ravager x2, Baneling Nest  
  86  6:59  Drone  
  86  7:00  Roach  
  88  7:01  Queen  
  67  7:20  Hatchery  
  66  7:23  Zergling x2  
  66  7:26  Drone  
  66  7:29  Drone  
  68  7:32  Drone  
  68  7:34  Zergling x2  
  70  7:37  Drone  
  70  7:39  Drone  
  70  7:40  Baneling  
  70  7:42  Drone  
  72  7:45  Drone  
  72  7:47  Drone  
  74  7:55  Drone  
  74  7:57  Drone  
  76  8:06  Drone  
  76  8:07  Baneling  
  76  8:08  Zergling x2, Roach, Drone  
  81  8:14  Overseer  
  81  8:15  Baneling  
  81  8:17  Drone  
  81  8:19  Drone  
  83  8:27  Drone, Overseer  
  83  8:30  Roach  
  83  8:32  Zergling x2  
  87  8:35  Zerg Missile Weapons Level 2  
  87  8:38  Drone  
  87  8:40  Hydralisk, Drone, Infestor  
  87  8:41  Roach  
  95  8:42  Overlord  
  95  8:53  Hatchery  
  95  8:55  Drone  
  95  8:57  Drone  
  95  8:58  Drone  
  95  9:01  Drone  
  95  9:02  Drone  
  99  9:04  Drone  
  99  9:11  Baneling x3  
  99  9:12  Zergling x4, Drone  
  99  9:13  Drone  
  99  9:15  Drone  
  100  9:21  Ravager  
  100  9:22  Overlord  
  100  9:23  Drone  
  102  9:25  Drone  
  102  9:30  Centrifical Hooks, Baneling x3  
  102  9:31  Baneling  
  103  9:33  Zergling x2  
  103  9:34  Zergling x2  
  103  9:36  Drone  
  106  9:43  Zergling x4, Drone  
  106  9:44  Overlord  
  110  9:45  Zergling x2  
  110  9:47  Drone  
  111  9:55  Drone x2  
  111  9:56  Baneling x2  
  111  9:57  Baneling x2  
  111  9:58  Zergling x2  
  114  10:01  Baneling x4  
  114  10:04  Zerg Ground Armor Level 2  
  114  10:05  Zergling x2  
  114  10:06  Drone x2  
  117  10:08  Drone  
  118  10:15  Zergling x8  
  118  10:16  Baneling  
  118  10:17  Zergling x4, Baneling  
  118  10:18  Evolution Chamber  
  118  10:19  Zergling x2, Baneling x2  
  124  10:26  Zergling x2  
  124  10:28  Drone x2  
  127  10:30  Drone  
  128  10:37  Drone  
  128  10:38  Drone  
  128  10:39  Drone  
  128  10:40  Drone  
  132  10:44  Zerg Melee Weapons Level 1  
  132  10:46  Overlord  
  132  10:47  Zergling x2, Hydralisk, Drone  
  136  10:51  Spine Crawler  
  136  10:52  Drone  
  136  10:59  Spine Crawler, Drone  
  136  11:02  Spine Crawler, Drone  
  136  11:04  Overlord, Infestor  
  136  11:05  Spine Crawler, Roach, Drone  
  136  11:09  Drone  
  136  11:11  Roach  
  143  11:16  Extractor, Roach  
  143  11:17  Extractor  
  143  11:18  Drone  
  144  11:19  Zergling x4, Drone  
  144  11:20  Spine Crawler, Zergling x2, Baneling x2  
  144  11:21  Drone  
  144  11:22  Spine Crawler  
  144  11:23  Overlord, Zergling x2  
  131  11:30  Ravager, Drone  
  131  11:32  Roach  
  111  11:34  Roach  
  111  11:35  Roach  
  111  11:39  Baneling x2  
  115  11:40  Extractor  
  115  11:41  Drone  
  115  11:43  Extractor, Roach  
  115  11:44  Baneling x4  
  115  11:45  Zergling x2, Drone  
  115  11:46  Ravager  
  119  11:48  Baneling x2  
  119  11:50  Zergling x2, Spore Crawler  
  119  11:51  Zergling x2, Roach  
  119  11:52  Drone, Spore Crawler  
  119  11:53  Drone  
  123  11:54  Spore Crawler  
  123  11:56  Roach  
  123  11:57  Drone  
  125  12:02  Zergling x2, Spore Crawler  
  125  12:04  Drone  
  125  12:06  Zergling x2, Baneling x2  
  125  12:07  Queen, Zergling x2  
  130  12:12  Baneling  
  130  12:13  Zergling x2  
  130  12:14  Baneling x2  
  130  12:15  Zergling x2, Baneling, Spire  
  132  12:17  Zergling x2  
  132  12:18  Drone  
  132  12:22  Spine Crawler, Zergling x2, Drone  
  132  12:23  Zergling x2  
  132  12:24  Zergling x2, Baneling x2  
  132  12:25  Baneling, Hydralisk  
  132  12:28  Zergling x2, Baneling  
  129  12:30  Zergling x2, Baneling  
  129  12:32  Spine Crawler  
  129  12:34  Hydralisk  
  129  12:36  Hydralisk  
  126  12:38  Drone  
  126  12:40  Zerg Melee Weapons Level 2, Zergling x2  
  128  12:45  Hive, Zergling x2  
  128  12:46  Hatchery  
  128  12:48  Drone  
  129  12:59  Baneling x2  
  129  13:00  Zergling x2  
  129  13:02  Baneling  
  130  13:15  Zergling x2, Baneling x2, Spore Crawler  
  130  13:17  Drone  
  130  13:18  Zergling x2, Baneling  
  132  13:20  Baneling, Drone, Spore Crawler  
  132  13:24  Queen  
  134  13:27  Overlord, Corruptor x4  
  134  13:29  Corruptor  
  134  13:32  Zergling x2, Baneling  
  145  13:35  Baneling  
  145  13:46  Spore Crawler  
  145  13:47  Drone  
  145  13:48  Spore Crawler  
  145  13:50  Drone  
  145  13:51  Spine Crawler  
  145  13:53  Drone  
  145  13:55  Spore Crawler  
  144  13:56  Drone  
  144  13:57  Queen, Zerg Missile Weapons Level 3  
  144  13:58  Overlord  
  144  13:59  Greater Spire  
  147  14:03  Queen  
  147  14:06  Hydralisk  
  147  14:08  Hydralisk  
  153  14:11  Viper  
  153  14:13  Viper  
  153  14:16  Overlord  
  159  14:29  Spine Crawler  
  159  14:30  Drone  
  159  14:31  Infestor  
  159  14:32  Pneumatized Carapace, Overseer  
  159  14:33  Hatchery  
  159  14:35  Drone  
  161  14:53  Zergling x2, Infestor  
  161  14:54  Zergling x2  
  161  14:55  Overlord, Roach  
  161  14:56  Hydralisk  
  161  14:59  Hydralisk  
  171  15:00  Zerg Melee Weapons Level 3, Muscular Augments  
  171  15:08  Extractor  
  171  15:09  Hydralisk, Drone  
  171  15:10  Spine Crawler  
  171  15:12  Hydralisk, Drone  
  175  15:14  Overlord, Hydralisk  
  175  15:17  Hydralisk  
  179  15:22  Zergling x6  
  179  15:23  Zergling x6  
  179  15:24  Zergling x4  
  179  15:26  Mutalisk x4  
  179  15:27  Corruptor x2  
  179  15:28  Corruptor x3, Overseer  
  174  15:29  Corruptor  
  174  15:32  Roach  
  174  15:33  Corruptor  
  159  15:36  Roach  
  159  15:39  Roach  
  159  15:41  Zergling x2, Baneling x3  
  159  15:42  Zergling x2, Corruptor  
  147  15:46  Corruptor  
  147  15:49  Corruptor  
  151  15:53  Corruptor  
  151  15:56  Zergling x4, Baneling x4  
  151  15:57  Zergling x2, Baneling x2  
  155  16:00  Corruptor  
  158  16:05  Corruptor  
  158  16:07  Brood Lord  
  158  16:09  Zergling x2  
  158  16:10  Zergling x2  
  158  16:11  Roach  
  162  16:13  Brood Lord  
  162  16:17  Corruptor  
  162  16:21  Overseer  
  162  16:25  Corruptor  
  162  16:30  Corruptor  
  162  16:31  Extractor  
  162  16:32  Extractor, Drone x2  
  166  16:37  Queen, Drone x2  
  166  16:40  Queen  
  166  16:42  Hydralisk  
  166  16:45  Roach  
  166  16:46  Overlord  
  115  16:55  Roach, Hydralisk  
  115  16:56  Roach  
  115  16:58  Roach  
  115  17:00  Hydralisk  
  113  17:03  Hydralisk  
  113  17:05  Drone  
  113  17:06  Drone  
  113  17:08  Drone  
  110  17:09  Brood Lord, Drone  
  110  17:11  Drone  
  110  17:12  Drone  
  110  17:13  Drone  
  110  17:15  Drone  
  114  17:16  Drone  
  114  17:17  Hatchery  
  114  17:18  Drone  
  114  17:19  Drone  
  114  17:20  Zergling x2  
  108  17:22  Zergling x2  
  108  17:25  Roach  
  108  17:28  Roach  
  95  17:31  Roach  
  91  17:39  Roach  
  48  18:10  Zergling x2  
  45  18:14  Zergling x2  
  45  18:15  Hydralisk, Roach x3  
  26  18:50  Hatchery  
  21  19:18  Hatchery  
  20  19:24  Overlord  
  17  19:52  Overlord  
  16  20:00  Spawning Pool  
  15  20:10  Drone  
  2  21:12  Hatchery  
Tags
 
Add a new tag
Caveats
  • Supply blocks, unpowered buildings, or Contaminate may cause inaccurate times.
  • Supply counts are checked every 10 seconds.